Map: Dusk Towers

Players

PerseVerAnce

  • Race: Terran Terran
  • League: Platinum

A.I. 1 (Very Easy) - Winner!

  • Race: Protoss Protoss

VOD

Have the link to the VOD?

Description

PerseVerAnce's Reaper FE into 6:30 +1/+1/Stim Timing Attack

Time

  • Played on: Dec. 19, 2015, 3:28 a.m.
  • Length: 7:22
Show
View Real Time Build Order
Export as new Build Order

PerseVerAnce Terran 

Build Orders:  

Get SALT Encoding   

  12  0:00  SCV  
  13  0:12  SCV  
  14  0:17  Supply Depot  
  14  0:25  SCV  
  15  0:39  SCV  
  15  0:40  Barracks  
  16  0:44  Refinery  
  16  0:51  SCV  
  17  1:03  SCV  
  18  1:15  SCV  
  19  1:27  SCV, Reaper  
  21  1:36  Command Center  
  21  1:44  Orbital Command  
  21  1:58  Supply Depot  
  21  2:00  Barracks Reactor  
  21  2:06  Refinery  
  21  2:12  Barracks  
  21  2:15  SCV  
  22  2:28  SCV, Factory  
  23  2:35  Marine  
  23  2:36  Marine  
  24  2:41  SCV  
  25  2:48  Orbital Command  
  25  2:53  SCV, Marine  
  27  2:59  Barracks Tech Lab  
  27  3:05  SCV  
  28  3:09  Marine  
  28  3:11  Marine  
  30  3:14  Starport  
  30  3:15  Factory Reactor  
  30  3:18  Marauder  
  32  3:21  SCV  
  33  3:27  Marine  
  33  3:28  SCV  
  33  3:31  Marine  
  36  3:36  SCV  
  36  3:40  Marauder  
  39  3:45  Marine  
  39  3:47  Supply Depot  
  40  3:48  SCV, Marine  
  40  3:49  SCV  
  43  3:59  Factory Tech Lab  
  43  4:01  Marauder  
  45  4:03  Marine  
  45  4:08  Medivac, Marine  
  45  4:09  Supply Depot  
  49  4:11  SCV x2  
  49  4:14  Supply Depot  
  51  4:20  Marine  
  51  4:23  Marauder  
  54  4:30  Engineering Bay  
  54  4:31  SCV x2, Marine  
  55  4:34  Engineering Bay  
  57  4:40  Marine  
  57  4:44  Marauder  
  60  4:46  Medivac  
  60  4:49  Supply Depot, Marine  
  63  4:53  Stimpack  
  63  4:57  Terran Infantry Weapons Level 1  
  63  4:59  Marine  
  64  5:04  Terran Infantry Armor Level 1  
  64  5:05  SCV x2, Marauder  
  68  5:09  Refinery  
  68  5:14  Supply Depot  
  68  5:15  Marine  
  68  5:20  Marine  
  70  5:27  Marauder  
  72  5:32  Marine  
  73  5:35  Barracks  
  73  5:36  SCV  
  73  5:37  SCV, Barracks  
  73  5:42  Siege Tank  
  78  5:43  Marine  
  78  5:48  Marauder  
  81  5:51  Marine  
  81  5:56  Medivac  
  84  5:58  SCV x2  
  86  6:13  Command Center, Supply Depot  
  86  6:23  Barracks Reactor  
  86  6:24  Barracks Reactor  
  86  6:35  SCV x2, Marauder, Marine x2  
  92  6:46  Supply Depot  
  92  6:47  SCV x2  
  94  7:08  SCV  
  102  7:18  Supply Depot  
Show
View Real Time Build Order
Export as new Build Order

A.I. 1 (Very Easy) Protoss - Winner!

Build Orders: 1 Gate Expand, Nexus First 

Get SALT Encoding   

  12  0:01  Probe (Chrono Boost)  
  13  0:11  Probe (Chrono Boost)  
  14  0:20  Pylon  
  14  0:42  Gateway  
  14  1:00  Nexus  
  14  1:18  Pylon  
  14  1:21  Assimilator  
  14  1:27  Zealot  
  16  1:34  Cybernetics Core  
  16  1:37  Probe (Chrono Boost)  
  17  1:49  Probe (Chrono Boost)  
  18  2:00  Probe (Chrono Boost)  
  19  2:01  Assimilator  
  19  2:11  Stalker, Probe (Chrono Boost)  
  22  2:16  Probe (Chrono Boost), Warp Gate  
  23  2:23  Probe (Chrono Boost)  
  24  2:31  Probe (Chrono Boost)  
  25  2:38  Probe (Chrono Boost)  
  26  2:56  Probe (Chrono Boost)  
  26  2:57  Assimilator  
  27  2:59  Pylon  
  27  3:04  Probe (Chrono Boost)  
  28  3:12  Probe (Chrono Boost)  
  29  3:18  Probe (Chrono Boost)  
  29  3:19  Robotics Facility  
  30  3:26  Probe (Chrono Boost)  
  31  3:28  Adept  
  31  3:32  Probe (Chrono Boost)  
  34  3:41  Probe (Chrono Boost)  
  35  3:48  Probe (Chrono Boost)  
  36  3:54  Probe (Chrono Boost)  
  37  4:01  Probe (Chrono Boost)  
  38  4:07  Observer  
  38  4:09  Probe (Chrono Boost)  
  40  4:15  Probe (Chrono Boost)  
  41  4:21  Assimilator  
  41  4:23  Probe (Chrono Boost)  
  42  4:27  Observer  
  42  4:29  Probe (Chrono Boost)  
  44  4:38  Probe (Chrono Boost)  
  45  4:40  Pylon  
  45  4:44  Probe (Chrono Boost)  
  46  4:47  Sentry  
  46  4:52  Probe (Chrono Boost)  
  49  4:58  Probe (Chrono Boost)  
  50  7:13  Zealot  
  48  7:18  Pylon  
Tags
 
Add a new tag
Caveats
  • Supply blocks, unpowered buildings, or Contaminate may cause inaccurate times.
  • Supply counts are checked every 10 seconds.